cohdb
Replays
Latest Replays
All Replays
Popular Replays
Top Player Replays
Match Explorer
How It Works
Community
CoH3 Stats
Reddit
Sign in to upload your games and track your stats! →
Sign in with Steam
Match 42291014
Unlisted
Match 42291014
Overview
Messages
Build Orders
End
Construct Section Command Post
Selects Canadian Shock Battlegroup
Infantry Section
Dingo Light Scout Car
Infantry Section
Infantry Section
Selects Attacking Spirit
Selects Canadian Shock Section
Canadian Shock Section
Construct Platoon Command Post
Selects Incendiary Munitions
Construct Platoon Command Post
Humber Armored Car
Construct Field Infirmary
Selects Pyrotechnics
Unlock M3 Stuart Light Tanks
M3 Stuart Light Tank
M3 Stuart Light Tank
Royal Engineer Section
Canadian Shock Section
Construct Company Command Post
Matilda II Heavy Tank
Matilda II Heavy Tank
Canadian Shock Section
Armored Vehicle Training
Selects Churchill Crocodile Heavy Tank
Foot Guards Section
Matilda II Heavy Tank
Canadian Shock Section
Infantry Section
CMP 15cwt Truck
Churchill Crocodile Heavy Tank
Matilda II Heavy Tank
Selects Point Assault
Point Assault
Canadian Shock Section
Infantry Section
Churchill Crocodile Heavy Tank
TidaL
LionElPotato
kimchismell
帝国师-大护法
士兵的勋章
那晚她才16
甜菜的小老弟
火鸡
0
0
Comments
sign in to comment!
No comments posted yet!